 Dungeon Crawl Stone Soup version 0.28.0 (webtiles) character file.

Game seed: 9413274771944592513

4053 RighteousDevil the Grappler (level 10, 0/107 HPs)
             Began as a Troll Monk on Feb 15, 2022.
             Shot with an arrow by a centaur warrior (4 damage)
             ... on level 8 of the Dungeon.
             The game lasted 00:08:55 (6448 turns).

RighteousDevil the Grappler (Troll Monk)            Turns: 6448, Time: 00:08:57

Health: 0/107      AC:  7    Str: 19 (21) XL:     10   Next: 4%
Magic:  9/9        EV: 10    Int:  5 (6)  God:
Gold:   473        SH:  0    Dex: 13 (16) Spells: 9/9 levels left

rFire   . . .      SeeInvis .     - Unarmed
rCold   . . .      Faith    .   (no shield)
rNeg    + . .      Spirit   .   m - +2 robe {rN+}
rPois   .          Reflect  .   (helmet restricted)
rElec   .          Harm     .   o - +0 cloak
rCorr   .          Rampage  .   (gloves unavailable)
Will    .....                   (boots unavailable)
Stlth   ++........              (no amulet)
HPRegen 1.07/turn               (no ring)
MPRegen 0.11/turn               (no ring)

@: no status effects
A: large, unfitting armour, claws 3, regeneration 1, shaggy fur 1, tough skin 1
a: no special abilities


You were on level 8 of the Dungeon.
You visited 2 branches of the dungeon, and saw 9 of its levels.
You also visited: Ossuary.

You collected 473 gold pieces.

Inventory:

Hand Weapons
 b - the +6 trident "Ronuc" {vorpal, Fly rC+ Str+3}
   (You found it on level 4 of the Dungeon)

   It inflicts extra damage upon your enemies.
   Str:       It affects your strength (+3).
   rC:        It protects you from cold.
   Fly:       It grants you flight.
Armour
 m - a +2 robe of positive energy (worn)
 o - a +0 cloak (worn)
Jewellery
 i - a ring of ice
Wands
 e - a wand of paralysis (8)
 v - a wand of mindburst (7)
Scrolls
 g - 2 scrolls of immolation
 k - 3 scrolls of amnesia
 l - 4 scrolls of enchant weapon
 n - a scroll of silence
 p - 2 scrolls of teleportation {unknown}
 q - a scroll of acquirement {unknown}
 t - 2 scrolls of magic mapping
Potions
 a - a potion of brilliance {unknown}
 d - 3 potions of haste
 f - a potion of attraction {unknown}
 h - a potion of invisibility {unknown}
 r - a potion of lignification {unknown}
 s - a potion of degeneration


   Skills:
 + Level 9.1 Fighting
 - Level 2.4 Dodging
 - Level 1.0 Stealth
 + Level 10.7 Unarmed Combat


You had 9 spell levels left.
You didn't know any spells.
Your spell library contained the following spells:

 Spells                   Type           Power      Damage    Failure   Level
 Sting                    Tmut/Pois      0%         1d3       47%         1
 Summon Small Mammal      Summ           0%         N/A       47%         1
 Poisonous Vapours        Pois/Air       0%         N/A       63%         2
 Call Canine Familiar     Summ           0%         N/A       85%         3
 Portal Projectile        Hex/Tloc       0%         N/A       85%         3
 Summon Guardian Golem    Hex/Summ       0%         N/A       85%         3
 Leda's Liquefaction      Hex/Erth       0%         N/A       99%         4
 Olgreb's Toxic Radiance  Pois           0%         N/A       99%         4


Dungeon Overview and Level Annotations

Branches:
Dungeon (8/15)             Temple (1/1) D:7         Ossuary (visited)
   Lair: D:8-11

Altars:
Cheibriados
Dithmenos
Fedhas
Kikubaaqudgha
Makhleb
Nemelex Xobeh
Okawaru
Qazlal
Ru
Sif Muna
Trog
Uskayaw
Vehumet
Wu Jian
Xom
Zin

Annotations:
D:5 1 runed translucent door, JustinTrotter's ghost, novice DEFE
D:8 1 runed translucent door


Innate Abilities, Weirdness & Mutations

You are too large for most types of armour.
You have claws for hands.
Your natural rate of healing is unusually fast.
You are covered in fur. (AC +1)
You have tough skin. (AC +1)


Message History

Unknown command.
It was a potion of degeneration.
There was something very wrong with that liquid.
You feel weakened.
You feel dopey.
You feel clumsy. The troll bites you!
* * * LOW HITPOINT WARNING * * *
The troll barely misses you. The troll claws you.
* * * LOW HITPOINT WARNING * * *
The centaur warrior hits you from afar with a +2 trident of flaming!
* * * LOW HITPOINT WARNING * * *
The centaur warrior burns you.
* * * LOW HITPOINT WARNING * * *
It was a potion of heal wounds.
You feel much better.
The centaur warrior hits you from afar with a +2 trident of flaming!
* * * LOW HITPOINT WARNING * * *
The centaur warrior burns you.
* * * LOW HITPOINT WARNING * * *
The troll barely misses you. The troll claws you but does no damage.
The troll closely misses you.
Okay, then.
Okay, then.
As you read the scroll of fear, it crumbles to dust.
You assume a fearsome visage.
The troll looks frightened!
The centaur warrior looks frightened!
Cornered, the centaur warrior turns to fight!
The centaur warrior unwields a +2 trident of flaming.
It stops flaming.
The centaur warrior wields a +0 longbow.
The centaur warrior shoots an arrow.
The arrow closely misses you.
You feel much better.
The centaur warrior shoots an arrow.
The arrow hits you!!
* * * LOW HITPOINT WARNING * * *
Unknown command.
Okay, then.
Okay, then.
Aiming: Mindburst
Press: ? - help, Shift-Dir - straight line, f - centaur warrior
Aim: a centaur warrior, wielding a +0 longbow and quivering arrows (chance to affect: 47%)
The centaur warrior's mind is blasted!
The centaur warrior shoots an arrow.
The arrow hits you.
You die...

}###### :...z.c###
#..### ####...T###
###..#@#....###
###..#.#..#.#...##
###...#..#.#.#.#....#
###..#.†.#.#..#.#...###
##†..#...#..#.#....#####
#.##..#...#.#....####..#
#.####...#..#.)####..###
##..####..#))####..###y#
#.#..####..###..###...#


You could see a centaur warrior and a troll (fleeing).

Vanquished Creatures
  A yaktaur (shapeshifter) (D:8)
  A shadow (D:8)
  A wyvern (D:8)
  A steam dragon (D:8)
  A vampire mosquito (D:8)
  Edmund (D:6)
  3 water moccasins
  A black bear (D:6)
  An orc warrior (D:6)
  A necrophage (D:8)
  2 sky beasts
  3 centaurs
  4 ogres
  2 phantoms
  Blork the orc (D:4)
  A kobold brigand (D:8)
  A wyvern zombie (D:8)
  An elf zombie (Ossuary)
  A bullfrog (D:8)
  3 scorpions
  A water moccasin zombie (D:5)
  4 killer bees (D:8)
  A howler monkey (D:8)
  A bullfrog zombie (D:6)
  A centaur zombie (Ossuary)
  3 jellies
  2 hounds (D:5)
  An orc priest (D:7)
  2 centaur skeletons
  3 iguanas
  A human zombie (Ossuary)
  7 orc wizards
  2 hound skeletons
  2 mummies (Ossuary)
  A howler monkey skeleton (D:5)
  6 adders
  A shadow imp (D:7)
  2 white imps
  2 adder zombies
  A dart slug (D:1)
  33 orcs
  7 endoplasms
  6 giant cockroaches
  10 goblins
  6 hobgoblins
  2 jackals (D:3)
  4 quokkas (D:1)
  4 ball pythons
  6 bats
  5 frilled lizards
  A goblin zombie (Ossuary)
  9 hobgoblin zombies (Ossuary)
  A jackal zombie (Ossuary)
  16 kobolds
  10 kobold zombies (Ossuary)
  10 orc zombies (Ossuary)
  4 rats
  A rat zombie (Ossuary)
210 creatures vanquished.

Vanquished Creatures (collateral kills)
  An orc (D:7)
1 creature vanquished.

Grand Total: 211 creatures vanquished

Notes
Turn   | Place    | Note
-------+----------+-------------------------------------------
     0 | D:1      | RighteousDevil the Troll Monk began the quest for the Orb.
     0 | D:1      | Reached XP level 1. HP: 22/22 MP: 0/0
    76 | D:1      | Noticed an eye of devastation
    79 | D:1      | Found a faded altar of an unknown god.
    80 | D:1      | Noticed a shining eye
    80 | D:1      | Noticed a great orb of eyes
    80 | D:1      | Noticed a floating eye
   104 | D:1      | Reached XP level 2. HP: 29/29 MP: 1/1
   543 | D:2      | Reached XP level 3. HP: 37/37 MP: 2/2
   925 | D:2      | Reached skill level 4 in Unarmed Combat
  1305 | D:3      | Reached XP level 4. HP: 45/45 MP: 3/3
  1845 | D:3      | Found a stormy altar of Qazlal.
  1980 | D:4      | Identified the +6 trident "Ronuc" {vorpal, Fly rC+ Str+3}
  2343 | D:4      | Noticed a scorpion
  2351 | D:4      | Killed a scorpion
  2352 | D:4      | Reached XP level 5. HP: 48/54 MP: 4/4
  2361 | D:4      | Noticed an ogre
  2362 | D:4      | Noticed a water moccasin
  2365 | D:4      | Killed an ogre
  2366 | D:4      | Reached skill level 5 in Unarmed Combat
  2366 | D:4      | Reached XP level 6. HP: 35/62 MP: 5/5
  2388 | D:4      | Killed a water moccasin
  2618 | D:4      | Noticed Blork the orc
  2629 | D:4      | Killed Blork the orc
  2867 | D:5      | Entered Level 5 of the Dungeon
  2931 | D:5      | Reached skill level 6 in Unarmed Combat
  2965 | D:5      | Reached skill level 5 in Fighting
  2965 | D:5      | Reached XP level 7. HP: 72/72 MP: 6/6
  3077 | D:5      | Found a shimmering blue altar of Sif Muna.
  3106 | D:5      | HP: 3/72 [water moccasin (8)]
  3112 | D:5      | HP: 2/72 [poisoned by a water moccasin]
  3483 | D:5      | Found a sand-covered staircase.
  3490 | Ossuary  | Entered an ossuary
  3615 | Ossuary  | Reached skill level 7 in Unarmed Combat
  3634 | Ossuary  | Reached XP level 8. HP: 82/83 MP: 7/7
  3802 | D:5      | Found a runed translucent door.
  3805 | D:5      | Noticed JustinTrotter's ghost (novice DEFE)
  4546 | D:6      | Reached skill level 8 in Unarmed Combat
  4569 | D:6      | Noticed Edmund
  4578 | D:6      | Killed Edmund
  4662 | D:6      | Found an ornate altar of the Wu Jian Council.
  5370 | D:6      | Reached XP level 9. HP: 92/93 MP: 8/8
  5423 | D:7      | Reached skill level 9 in Unarmed Combat
  5488 | D:7      | Found a staircase to the Ecumenical Temple.
  5543 | Temple   | Entered the Ecumenical Temple
  6189 | D:8      | Found a runed translucent door.
  6239 | D:8      | Reached skill level 10 in Unarmed Combat
  6430 | D:8      | Noticed a troll
  6430 | D:8      | Noticed a yaktaur
  6430 | D:8      | Noticed a centaur warrior
  6431 | D:8      | Identified the +6 arbalest "Taokikoe" {freeze, rC++ SInv}
  6431 | D:8      | Noticed a skeletal warrior
  6437 | D:8      | Killed a yaktaur
  6438 | D:8      | Reached XP level 10. HP: 86/107 MP: 9/9
  6443 | D:8      | HP: 5/107 [centaur warrior (2)]
  6448 | D:8      | Shot with an arrow by a centaur warrior

Illustrated notes

Levels and vault maps discovered:
D:1:      pf_arrival_petrified_forest, layout_rooms,
          hellmonk_ecumenical_altar_watching_god, corexii_leaking_fountain
D:2:      layout_basic, corexii_hall_statues_x
D:3:      layout_loops_ring, general_overflow_altar, nicolae_elevator_lobby_plus
D:4:      layout_basic, small_statue_intersection, eino_tiny_chamber,
          hangedman_minor_gate_pass, uniq_blork_the_orc
D:5:      layout_basic, mainiacjoe_overflow_small_starburst,
          chequers_ossuary_entry_cave, ebering_ghost_reflecting_pool
D:6:      layout_basic, amcnicky_altar_gilded, uniq_edmund
D:7:      layout_cave_pools, minmay_temple_entry_proselytizer
D:8:      minmay_the_grid_triangle_9x9_rhombus_full
          [minmay_the_grid_triangle_9x9_descending_squares,
          minmay_the_grid_triangle_9x9_semitri,
          minmay_the_grid_triangle_9x9_pentomino_pain,
          minmay_the_grid_triangle_9x9_impossible_snake,
          minmay_the_grid_triangle_9x9_subtriangle,
          minmay_the_grid_triangle_9x9_limited_checkers,
          minmay_the_grid_triangle_9x9_zippers_horizontal,
          minmay_the_grid_triangle_9x9_prize_center], layout_loops_ring,
          kennysheep_ying_yang, mainiacjoe_overflow_paths, serial_shops,
          kennysheep_mini
Temple:   nicolae_temple_god_jail

Skill      XL: |  1  2  3  4  5  6  7  8  9 |
---------------+----------------------------+-----
Fighting       | 3 4 5 6 7 9 |  9.1
Unarmed Combat | 4 5 6 7 8 10 | 10.7
Dodging        | |  2.4
Stealth        | |  1.0

Action                   |  1- 3 |  4- 6 |  7- 9 | 10-12 || total
-------------------------+-------+-------+-------+-------++-------
Melee: Unarmed           |   107 |   102 |   322 |     4 ||   535
       Punch             |     1 |     2 |    19 |       ||    22
Evoke: Wand              |       |       |     1 |     1 ||     2
  Use: Scroll            |     1 |     3 |     7 |     1 ||    12
       Potion            |       |     1 |     2 |     3 ||     6
 Stab: Sleeping          |     2 |     3 |     4 |       ||     9
Armor: Robe              |    16 |    26 |   100 |     4 ||   146
Dodge: Dodged            |    43 |    47 |   136 |     8 ||   234
